 Dungeon Crawl Stone Soup version 0.18-a0-987-g0b0e4e7 (webtiles) character file.

485 tof the Insei (level 6, -3/53 HPs)
             Began as a Minotaur Monk on Jan 3, 2016.
             Was a Believer of Okawaru.
             Slain by a steam dragon (11 damage)
             ... on level 4 of the Dungeon.
             The game lasted 00:10:05 (3170 turns).

tof the Insei (Minotaur Monk)                       Turns: 3170, Time: 00:10:05

Health: -3/53      AC:  3    Str: 15    XL:     6   Next: 88%
Magic:  5/5        EV: 14    Int:  7    God:    Okawaru [**....]
Gold:   120        SH:  0    Dex: 15    Spells: 0 memorised, 5 levels left

rFire  . . .     SeeInvis .     a - +1 scythe (venom)
rCold  + . .     Gourm    +     o - +0 leather armour
rNeg   . . .     Faith    .     (shield currently unavailable)
rPois  +         Spirit   .     (helmet restricted)
rElec  .         Dismiss  .     (no cloak)
rCorr  .         Reflect  .     (no gloves)
SustAt .         Harm     .     (no boots)
MR     .....                    m - amulet of the gourmand
Stlth  ++........               n - ring of poison resistance
                                f - ring of protection from cold

@: about to teleport, not resistant to hostile enchantments, unstealthy
A: retaliatory headbutt, horns 2
a: Heroism, Renounce Religion


You were on level 4 of the Dungeon.
You worshipped Okawaru.
Okawaru was pleased with you.
You were very full.

You visited 1 branch of the dungeon, and saw 5 of its levels.

You collected 120 gold pieces.

Inventory:

Hand Weapons
 a - a +1 scythe of venom (weapon)
 r - a +2 whip of pain
Armour
 o - a +0 leather armour (worn)
Jewellery
 f - a ring of protection from cold (left hand)
 m - an amulet of the gourmand (around neck)
 n - a ring of poison resistance (right hand)
Wands
 x - a wand of frost (19/48)
Scrolls
 c - 3 scrolls of remove curse
 d - a scroll of teleportation
 i - a scroll of noise {unknown}
 j - 5 scrolls of identify {unknown}
 l - 2 scrolls of enchant armour {unknown}
 s - 2 scrolls of enchant weapon {unknown}
 y - a scroll of random uselessness {unknown}
Potions
 e - a potion of lignification {unknown}
 h - a potion of might {unknown}
 k - 2 potions of brilliance {unknown}
 p - a potion of ambrosia {unknown}
 q - a potion of cancellation {unknown}
 t - a potion of invisibility {unknown}
 w - a potion of cure mutation {unknown}
Comestibles
 b - 3 bread rations
 g - 2 fruits
 u - a meat ration
 v - 12 chunks of flesh


   Skills:
 + Level 4.7 Fighting
 - Level 2.5 Maces & Flails
 * Level 2.2 Polearms
 + Level 2.5 Armour
 + Level 5.4 Dodging
 + Level 2.5 Stealth
 + Level 5.5 Unarmed Combat


You had 5 spell levels left.
You didn't know any spells.

Dungeon Overview and Level Annotations

Branches:
Dungeon (5/15)
 Temple: D:4-7

Altars:
Fedhas
Gozag
Makhleb
Okawaru
Xom
The Shining One


Innate Abilities, Weirdness & Mutations

You reflexively headbutt those who attack you in melee.
You have a pair of horns on your head.


Message History

The steam dragon is moderately wounded.
The steam dragon bites you. The steam dragon closely misses you.
The steam dragon bites you.
* * * LOW HITPOINT WARNING * * *
The steam dragon claws you.
* * * LOW HITPOINT WARNING * * *
Drink which item? (? for menu, Esc to quit)
Okay, then.
Read which item? (? for menu, Esc to quit)
Okay, then.
Read which item? (? for menu, Esc to quit)
As you read the scroll labeled QIDIFI KUADGHAI, it crumbles to dust.
You feel blessed for a moment.
It was a scroll of remove curse.
The steam dragon bites you but does no damage.
The steam dragon claws you but does no damage.
Read which item? (? for menu, Esc to quit)
As you read the scroll labeled PYBLARO OGRI, it crumbles to dust.
You feel strangely unstable.
It was a scroll of teleportation.
The steam dragon bites you!
You die...

##############[...
#.................
#.############.... #§#
#...# #######.# #...#
#.....(.# #...#
#.)....§# #...#
#.......############...#
#......@...............'
#......D############...#
#.......# ######...#
#.......# #........+
#..(###.#######........#
#.#.###......#<........#
#..........#.#.........#
###.#####.##.#.........#
#.### #....#######...+


You could see a steam dragon.

Vanquished Creatures
  Sigmund (D:3)
  2 ogres (D:4)
  A centaur skeleton (D:4)
  5 adders
  3 worms
  4 giant geckos
  4 orcs
  10 bats
  5 giant cockroaches
  4 goblins
  7 hobgoblins
  3 jackals (D:2)
  5 kobolds
  3 quokkas (D:3)
  A ball python (D:4)
  A giant gecko skeleton (D:4)
  2 giant newts
  3 rats
64 creatures vanquished.

Notes
Turn   | Place    | Note
--------------------------------------------------------------
     0 | D:1      | tof the Minotaur Monk began the quest for the Orb.
     0 | D:1      | Reached XP level 1. HP: 19/19 MP: 0/0
   252 | D:1      | Reached XP level 2. HP: 26/26 MP: 1/1
   851 | D:2      | Reached skill level 5 in Unarmed Combat
   930 | D:2      | Reached skill level 1 in Maces & Flails
   934 | D:2      | Reached XP level 3. HP: 33/33 MP: 2/2
  1280 | D:2      | Found a shimmering altar of Xom.
  1564 | D:2      | Reached XP level 4. HP: 37/40 MP: 3/3
  2065 | D:3      | Noticed Sigmund
  2079 | D:3      | Killed Sigmund
  2079 | D:3      | Reached skill level 1 in Armour
  2079 | D:3      | Reached XP level 5. HP: 23/46 MP: 4/4
  2410 | D:3      | Reached XP level 6. HP: 49/53 MP: 5/5
  2415 | D:3      | Found an iron altar of Okawaru.
  2415 | D:3      | Found a glowing golden altar of the Shining One.
  2416 | D:3      | Found an opulent altar of Gozag.
  2428 | D:3      | Found a blossoming altar of Fedhas.
  2444 | D:3      | Became a worshipper of Warmaster Okawaru
  2444 | D:3      | Reached * piety under Okawaru
  2444 | D:3      | Reached ** piety under Okawaru
  2813 | D:4      | Reached skill level 1 in Polearms
  2813 | D:4      | Reached skill level 5 in Dodging
  2977 | D:4      | Found a burning altar of Makhleb.
  3162 | D:5      | Entered Level 5 of the Dungeon
  3162 | D:5      | Noticed a steam dragon
  3170 | D:4      | Slain by a steam dragon

Vault maps used:
D:1:      minmay_arrival_loop, serial_glass, glass_columns_a, glass_columns_a,
          minmay_misc_feat_roman
D:2:      first_bread, xom_teletrap_fun
D:3:      nicolae_overflow_quartered_altars, uniq_sigmund
D:4:      lemuel_tele_altar
D:5:      lemuel_crystal_altar, slow_altar_1, minmay_temple_entry_butterflies,
          roderic_lattice_a, serial_park_tiny_pond

Action                   |  1- 3 |  4- 6 || total
-------------------------+-------+-------++-------
Melee: Unarmed           |    12 |       ||    12
       Club              |    10 |       ||    10
       Whip              |    59 |    35 ||    94
       Scythe            |       |    48 ||    48
  Use: Scroll            |       |     2 ||     2
 Stab: Sleeping          |     1 |     3 ||     4
  Eat: Chunk             |    13 |     7 ||    20
